 Dungeon Crawl Stone Soup version 0.18-a0-1180-g64ccc1e (webtiles) character file.

360 namelastname112 the Chopper (level 6, -2/61 HPs)
             Began as a Draconian Chaos Knight on Jan 27, 2016.
             Killed from afar by an orc wizard (6 damage)
             ... with a magic dart
             ... on level 5 of the Dungeon.
             The game lasted 00:05:55 (3423 turns).

namelastname112 the Chopper (DrCK)                  Turns: 3423, Time: 00:05:55

Health: -2/61      AC:  9    Str: 16    XL:     6   Next: 38%
Magic:  6/6        EV: 13    Int: 13    God:    Xom [......]
Gold:   212        SH:  0    Dex: 12    Spells: 0 memorised, 5 levels left

rFire  + + .     SeeInvis .     a - +0 hand axe (chaos)
rCold  . . .     Gourm    .     (armour unavailable)
rNeg   . . .     Faith    .     (no shield)
rPois  +         Spirit   .     (helmet restricted)
rElec  .         Dismiss  .     p - +0 cloak (curse)
rCorr  .         Reflect  .     e - +1 pair of gloves
SustAt .         Harm     .     (no boots)
MR     .....     Clarity  +     (no amulet)
Stlth  ++........               (no ring)
                                l - ring of stealth

@: not resistant to hostile enchantments, unstealthy
A: unfitting armour, claws 2, clarity, fire resistance 2, poison resistance,
robust 1, strong 1, wild magic 1, cold-blooded, AC +6
a: Renounce Religion


You were on level 5 of the Dungeon.
You worshipped Xom.
You were a very special plaything of Xom.
You were hungry.

You visited 1 branch of the dungeon, and saw 5 of its levels.

You collected 212 gold pieces.

Inventory:

Hand Weapons
 a - a +0 hand axe of chaos (weapon)
 h - a +1 morningstar of draining
Armour
 e - a +1 pair of gloves (worn)
 p - a cursed +0 cloak (worn)
Jewellery
 l - a ring of stealth (left hand)
 s - a +3 ring of intelligence {unknown}
 u - an uncursed ring of magical power {unknown}
Wands
 o - a wand of flame (11/48)
Scrolls
 d - a scroll of teleportation {unknown}
 f - 2 scrolls of immolation {unknown}
 g - 7 scrolls of identify {unknown}
 k - 2 scrolls of blinking {unknown}
 r - a scroll of amnesia {unknown}
 t - a scroll of fear {unknown}
Potions
 m - a potion of lignification {unknown}
 q - a potion of poison {unknown}
Comestibles
 b - 4 bread rations
 i - 9 fruits
 j - a slice of pizza
 n - 2 beef jerkies


   Skills:
 + Level 5.1 Fighting
 * Level 5.3 Axes
 + Level 3.6 Dodging


You had 5 spell levels left.
You didn't know any spells.

Dungeon Overview and Level Annotations

Branches:
Dungeon (5/15)
 Temple: D:4-7

Altars:
Ashenzari
Gozag
Pakellas
Ru
Vehumet
Xom


Innate Abilities, Weirdness & Mutations

Your plain brown scales are hard (AC +6).
Your body does not fit into most forms of armour.
You are cold-blooded and may be slowed by cold attacks.
You have very sharp fingernails.
You possess an exceptional clarity of mind.
Your flesh is very heat resistant.
Your system is resistant to poisons.
You are robust (+10% HP).
Your muscles are strong. (Str +2)
Your spells are a little harder to cast, but a little more powerful.


Message History

You sense a malignant aura.
Your +0 cloak glows black for a moment.
The worm bites you.
* * * LOW HITPOINT WARNING * * *
The orc wizard casts a cantrip, but nothing happens.
Found a bubbling golden potion.
The worker ant barely misses you.
Found 6 poisoned arrows.
The worker ant bites you.
* * * LOW HITPOINT WARNING * * *
The orc wizard gestures wildly while chanting.
The orc wizard seems to speed up.
Found a potion of heal wounds.
The orc wizard gestures at you while chanting.
The magic dart hits you!
* * * LOW HITPOINT WARNING * * *
The worker ant bites you but does no damage.
The orc wizard casts a spell at you. The magic dart hits you!
You die...
Xom cackles wildly!

...(###....[......#
a....######.......# ..
####..# ####....###..
##o# ##w##..!....
#.#######...........
#o##.......o.#.##...
#o...#.....#.#......
.o.....###.#........
............a@.......
.........#.##.........
...##.#.#...
#......(.. $##.
.#.#... .....!.### .
#. ...#!.###........
#. ........## ..
.......... ..##.###..#


You could see a worm, a worker ant and an orc wizard.

Vanquished Creatures
  2 orc wizards (D:3)
  A giant frog skeleton (D:4)
  An iguana (D:4)
  2 worker ants (D:4)
  Robin (D:4)
  4 adders
  2 oozes
  An adder skeleton (D:4)
  3 worms
  5 giant geckos
  17 orcs
  A ball python (D:1)
  8 bats
  3 giant cockroaches
  18 goblins
  8 hobgoblins
  4 jackals
  5 quokkas
  A giant gecko skeleton (D:4)
  7 giant newts
  8 kobolds
  14 rats
116 creatures vanquished.

Vanquished Creatures (others)
  A ball lightning (D:3)
1 creature vanquished.

Grand Total: 117 creatures vanquished

Notes
Turn   | Place    | Note
--------------------------------------------------------------
     0 | D:1      | namelastname112 the Draconian Chaos Knight began the quest for the Orb.
     0 | D:1      | Reached XP level 1. HP: 19/19 MP: 1/1
   160 | D:1      | XOM: butterfly on damage
   162 | D:1      | Reached XP level 2. HP: 5/26 MP: 2/2
   457 | D:1      | XOM: cast spell 'Hydra Form'
   559 | D:1      | XOM: divination: detect items
   688 | D:1      | XOM: god gift: scroll labeled ARUR VEVAAM
   841 | D:1      | Reached XP level 3. HP: 33/33 MP: 3/3
   985 | D:2      | XOM: vitrification
  1029 | D:2      | XOM: give mutations
  1029 | D:2      | Gained mutation: You are robust (+10% HP). [Xom's grace]
  1029 | D:2      | Gained mutation: You have sharp fingernails. [Xom's grace]
  1029 | D:2      | Gained mutation: Your flesh is heat resistant. [Xom's grace]
  1048 | D:2      | XOM: god gift: scroll labeled SIELEA LIUKK
  1054 | D:2      | Identified a scroll of acquirement
  1281 | D:2      | XOM: noise
  1298 | D:2      | Reached skill level 4 in Fighting
  1544 | D:3      | Found a shimmering altar of Xom.
  1577 | D:3      | XOM: summons 1 hostile demon
  1783 | D:3      | Reached XP level 4. HP: 37/44 MP: 4/4
  1832 | D:3      | XOM: silly message
  2067 | D:3      | Reached XP level 5. HP: 38/51 MP: 5/5
  2085 | D:3      | XOM: cast spell 'Conjure Ball Lightning'
  2314 | D:3      | Found a radiant altar of Vehumet.
  2323 | D:3      | Found a shattered altar of Ashenzari.
  2326 | D:3      | Found a sacrificial altar of Ru.
  2342 | D:3      | Found an oddly glowing altar of Pakellas.
  2344 | D:3      | Found an opulent altar of Gozag.
  2404 | D:3      | XOM: give mutations
  2404 | D:3      | Gained mutation: Your flesh is very heat resistant. [Xom's grace]
  2404 | D:3      | Gained mutation: You possess an exceptional clarity of mind. [Xom's grace]
  2639 | D:4      | Noticed Robin
  2656 | D:4      | XOM: summons 3 friendly demons
  2681 | D:4      | Killed Robin
  2690 | D:4      | XOM: vitrification
  2700 | D:4      | XOM: swap monsters
  3000 | D:4      | XOM: fog
  3003 | D:4      | Reached skill level 5 in Axes
  3003 | D:4      | Reached XP level 6. HP: 56/60 MP: 6/6
  3212 | D:4      | Reached skill level 5 in Fighting
  3275 | D:4      | XOM: give mutations
  3275 | D:4      | Gained mutation: Your system is resistant to poisons. [Xom's grace]
  3275 | D:4      | Gained mutation: Your muscles are strong. (Str +2) [Xom's grace]
  3275 | D:4      | Gained mutation: You have very sharp fingernails. [Xom's grace]
  3275 | D:4      | Gained mutation: Your spells are a little harder to cast, but a little more powerful. [Xom's grace]
  3369 | D:5      | Entered Level 5 of the Dungeon
  3379 | D:5      | Noticed an orc warrior
  3391 | D:5      | XOM: fake destruction
  3397 | D:5      | XOM: enchant monster (good)
  3401 | D:5      | XOM: torment (10/61 hp)
  3416 | D:5      | XOM: medium Chrm miscast
  3423 | D:5      | Killed from afar by an orc wizard

Vault maps used:
D:1:      mrwooster_arrival_statue, minmay_tree_intersection, st_stairs_5
D:3:      kennysheep_big_flooded_room, xom_teletrap_fun, minitemple
D:4:      first_bread, uniq_robin
D:5:      feat_on_display

Action                   |  1- 3 |  4- 6 || total
-------------------------+-------+-------++-------
Melee: Hand axe          |   156 |   223 ||   379
  Use: Scroll            |     2 |       ||     2
       Potion            |       |     1 ||     1
 Stab: Distracted        |     1 |       ||     1
       Petrifying        |     1 |       ||     1
       Sleeping          |       |     6 ||     6
       Paralysed         |       |     5 ||     5
  Eat: Chunk             |     3 |     5 ||     8
